 Dungeon Crawl Stone Soup version 0.31-a0-188-g5e087ee2ca (webtiles) character file.

Game seed: 15704210517371129940

583 qw the Skirmisher (level 7, 0/40 HPs)
             Began as a Deep Elf Hunter on June 23, 2023.
             Slain by an orc wizard
             ... wielding a +0 dagger
              (2 damage)
             ... on level 5 of the Dungeon.
             The game lasted 00:01:17 (3227 turns).

qw the Skirmisher (Deep Elf Hunter)                 Turns: 3227, Time: 00:01:17

Health: 0/40       AC:  9    Str: 10    XL:     7   Next: 14%
Magic:  9/9        EV: 11    Int: 14    God:
Gold:   93         SH:  0    Dex: 18    Spells: 6/6 levels left

rFire   . . .        a - +3 orcbow (heavy)
rCold   . . .        (shield currently unavailable)
rNeg    . . .        h - +0 ring mail
rPois   .            i - +2 helmet
rElec   .            (no cloak)
rCorr   .            (no gloves)
SInv    .            f - +0 pair of boots
Will    .....        (no amulet)
Stlth   +            (no ring)
HPRegen 0.26/turn    (no ring)
MPRegen 0.11/turn

%: no passive effects
@: no status effects
A: no striking features
a: no special abilities


You were on level 5 of the Dungeon.
You visited 1 branch of the dungeon, and saw 5 of its levels.

You collected 226 gold pieces.
You spent 133 gold pieces at shops.


   Skills:
 - Level 2.0 Fighting
 + Level 10.4 Ranged Weapons
 - Level 1.2 Armour
 - Level 3.6 Dodging
 - Level 1.2 Stealth


You had 6 spell levels left.
You didn't know any spells.
Your spell library was empty.

Inventory:

Hand Weapons
 a - a +3 heavy orcbow (weapon)
Armour
 f - a +0 pair of boots (worn)
 h - a +0 ring mail (worn)
 i - a +2 helmet (worn)
Scrolls
 g - 2 scrolls of identify
 k - a scroll of enchant armour {unknown}
Potions
 b - a potion of resistance {unknown}
 c - a potion of curing {unknown}
 d - a potion of heal wounds {unknown}
 e - a potion of magic {unknown}
 j - a potion of might {unknown}

Dungeon Overview and Level Annotations

Branches:
Dungeon (5/15)
 Temple: D:4-7

Altars:
Fedhas
Ru
Sif Muna

Shops:
D:3 *   D:5 [


Message History

Something hits you but does no damage.
The iguana bites you but does no damage.
Something hits you. The iguana bites you!
An orc comes into view. It is wielding a +0 club.
Something hits you but does no damage.
An orc comes into view. It is wielding a +0 flail.
You hear some strange, mumbled words.
A puff of flame appears from out of thin air!
The puff of flame hits you but does no damage.
The iguana bites you but does no damage.
Something hits you. The iguana closely misses you.
Something hits you but does no damage.
You feel less confused. Something hits you but does no damage.
The iguana bites you. Something hits you but does no damage.
You shoot an arrow.
The arrow hits the iguana but does no damage.
The adder bites you but does no damage.
You hear some strange, mumbled words.
A puff of flame appears from out of thin air!
The puff of flame hits you. Something hits you but does no damage.
The iguana bites you. The adder barely misses you. Something hits you.
The iguana bites you but does no damage.
An orc comes into view. It is wielding a +0 flail.
Something barely misses you.
You shoot an arrow. The arrow closely misses the iguana.
The orc shouts!
The adder bites you but does no damage. Something hits you but does no damage.
The iguana bites you but does no damage.
Something hits you. The adder bites you but does no damage.
You shoot an arrow. The arrow barely misses the iguana.
The adder barely misses you.
Something hits you but does no damage. x2
The iguana closely misses you. The adder bites you but does no damage.
Something hits you but does no damage. The iguana barely misses you.
Something hits you but does no damage.
You shoot an arrow. The arrow barely misses the iguana.
The adder misses you.
Something hits you but does no damage. x2
The iguana bites you. The orc hits you but does no damage.
The adder closely misses you. Something hits you.
You die...

.#..##.#.# .....#
.'.##.#### ......#
####.## ......###
###..###########).......
...............#...)....
...............#o....)..
...............#o.....<.
...............{{S......
...............#@lo.....
###..###.#######.o......
###..###.# ########.
.........# .........#
.........# .........#
.###.##.## .######.#


You could see an iguana, an adder and 4 orcs.

Vanquished Creatures
  An ogre (D:5)
  2 scorpions
  3 orc priests
  An iguana (D:4)
  4 orc wizards
  9 adders
  A worm (D:4)
  2 dart slugs
  12 orcs
  5 ball pythons
  6 endoplasms
  4 giant cockroaches
  7 goblins
  5 hobgoblins
  9 kobolds
  2 quokkas
  7 bats
  2 frilled lizards (D:3)
  7 rats
89 creatures vanquished.

Notes
Turn   | Place    | Note
-------+----------+-------------------------------------------
     0 | D:1      | qw the Deep Elf Hunter began the quest for the Orb.
     0 | D:1      | Reached XP level 1. HP: 12/12 MP: 3/3
     0 | D:1      | 0 ||| qw: Version: 0.3-a-9-g12657ce
     0 | D:1      | 0 ||| qw: Game counter: 3926
     0 | D:1      | 0 ||| qw: Always use a shield: true
     0 | D:1      | 0 ||| qw: God list: Okawaru
     0 | D:1      | 0 ||| qw: Allow faded altars: false
     0 | D:1      | 0 ||| qw: Do Orc after D:15 true
     0 | D:1      | 0 ||| qw: Do second Lair branch before Depths: true
     0 | D:1      | 0 ||| qw: Lair rune preference: random
     0 | D:1      | 0 ||| qw: Plans: Normal
     0 | D:1      | 0 ||| PLANNING D:1-11
    24 | D:1      | 24 ||| Stepping ~*~*~tactically~*~*~ (outnumbered).
    94 | D:1      | Reached skill level 6 in Ranged Weapons
    94 | D:1      | Reached XP level 2. HP: 16/16 MP: 4/4
   479 | D:1      | 479 ||| Stepping ~*~*~tactically~*~*~ (water).
   493 | D:1      | Reached XP level 3. HP: 18/20 MP: 5/5
   642 | D:1      | 642 ||| UPGRADING to +0 ring mail.
   652 | D:1      | 652 ||| DROPPING +0 leather armour.
   653 | D:1      | 653 ||| UPGRADING to +2 helmet.
   658 | D:1      | 658 ||| READING scroll labelled AROMOK AVAORPH.
   658 | D:1      | Identified a scroll of acquirement
   658 | D:1      | 658 ||| ACQUIRING +2 heavy orcbow
   658 | D:1      | Acquired a +2 heavy orcbow
   660 | D:1      | 660 ||| SWAPPING to +2 heavy orcbow.
   661 | D:1      | 661 ||| DROPPING +0 shortbow.
   662 | D:1      | 662 ||| READING 3 scrolls labelled SILINOF INIYZ.
   663 | D:1      | 663 ||| READING scroll labelled TAPPAA GIYP.
   668 | D:1      | 668 ||| DRINKING 2 amethyst potions.
   773 | D:1      | 773 ||| DROPPING scroll of butterflies.
   774 | D:1      | 774 ||| DROPPING 2 scrolls of noise.
   775 | D:1      | 775 ||| DROPPING potion of berserk rage.
   909 | D:2      | 909 ||| FLEEEEING.
   910 | D:2      | 910 ||| FLEEEEING.
   911 | D:2      | 911 ||| FLEEEEING.
   912 | D:2      | 912 ||| FLEEEEING.
   913 | D:2      | 913 ||| FLEEEEING.
   914 | D:2      | 914 ||| FLEEEEING.
   915 | D:2      | 915 ||| FLEEEEING.
   916 | D:2      | 916 ||| FLEEEEING.
   920 | D:2      | 920 ||| FLEEEEING.
   921 | D:2      | 921 ||| STAIRDANCE
   957 | D:2      | 957 ||| STAIRDANCE
  1017 | D:2      | 1017 ||| STAIRDANCE
  1025 | D:2      | Reached skill level 7 in Ranged Weapons
  1026 | D:2      | Reached XP level 4. HP: 25/25 MP: 6/6
  1054 | D:2      | Reached skill level 8 in Ranged Weapons
  1157 | D:2      | Reached XP level 5. HP: 29/29 MP: 7/7
  1186 | D:2      | Found a blossoming altar of Fedhas.
  1590 | D:2      | 1590 ||| READING scroll labelled USIUNY CANOMAX ETS.
  1591 | D:2      | 1591 ||| READING scroll labelled JIAKA MYIRI.
  1679 | D:3      | Reached skill level 9 in Ranged Weapons
  1680 | D:3      | 1680 ||| FLEEEEING.
  1681 | D:3      | 1681 ||| FLEEEEING.
  1682 | D:3      | 1682 ||| FLEEEEING.
  1683 | D:3      | 1683 ||| FLEEEEING.
  1684 | D:3      | 1684 ||| FLEEEEING.
  1686 | D:3      | 1686 ||| FLEEEEING.
  1687 | D:3      | 1687 ||| FLEEEEING.
  1688 | D:3      | 1688 ||| FLEEEEING.
  1690 | D:3      | 1690 ||| FLEEEEING.
  1691 | D:3      | 1691 ||| FLEEEEING.
  1693 | D:3      | 1693 ||| FLEEEEING.
  1694 | D:3      | 1694 ||| STAIRDANCE
  1731 | D:2      | 1731 ||| UPGRADING to +0 pair of boots.
  1736 | D:2      | 1736 ||| READING scroll labelled QIONUT QEAFE.
  1794 | D:3      | 1794 ||| STAIRDANCE
  1859 | D:3      | Reached skill level 1 in Armour
  1865 | D:3      | 1865 ||| FLEEEEING.
  1866 | D:3      | 1866 ||| FLEEEEING.
  1872 | D:3      | 1872 ||| STAIRDANCE
  1932 | D:3      | 1932 ||| STAIRDANCE
  1970 | D:3      | Reached XP level 6. HP: 35/35 MP: 8/8
  2011 | D:3      | Found Owor's General Store.
  2017 | D:3      | 2017 ||| SHOPLISTING +0 cloak of Qyjuklos {Str+3 Dex+3}
                  | (337 gold, have 156).
  2017 | D:3      | 2017 ||| SHOPLISTING scroll of acquirement (728 gold, have
                  | 156).
  2017 | D:3      | 2017 ||| BUYING scroll of enchant weapon (105 gold).
  2017 | D:3      | Bought a scroll of enchant weapon for 105 gold pieces
  2017 | D:3      | 2017 ||| BUYING scroll of identify (28 gold).
  2017 | D:3      | Bought a scroll of identify for 28 gold pieces
  2017 | D:3      | 2017 ||| SHOPLISTING scroll of identify (28 gold, have 23).
  2017 | D:3      | 2017 ||| READING scroll of enchant weapon.
  2017 | D:3      | 2017 ||| ENCHANTING +2 heavy orcbow.
  2136 | D:3      | Identified the +1 hand axe of Understanding {elec, Str+4
                  | SInv}
  2392 | D:3      | 2392 ||| READING 2 scrolls of identify.
  2392 | D:3      | 2392 ||| IDENTIFYING smoky grey potion
  2393 | D:3      | 2393 ||| DROPPING potion of brilliance.
  2799 | D:4      | Reached skill level 10 in Ranged Weapons
  2813 | D:4      | 2813 ||| FLEEEEING.
  2860 | D:4      | Found a shimmering blue altar of Sif Muna.
  2895 | D:4      | Found a sacrificial altar of Ru.
  2985 | D:5      | Entered Level 5 of the Dungeon
  3024 | D:5      | Reached skill level 3 in Dodging
  3046 | D:5      | Found Luelee's Armour Emporium.
  3054 | D:5      | 3054 ||| SHOPLISTING +1 scale mail of the Spider Nest {Harm
                  | rPois Regen+} (242 gold, have 82).
  3054 | D:5      | 3054 ||| SHOPLISTING +2 ring mail of cold resistance (252
                  | gold, have 82).
  3209 | D:5      | Reached XP level 7. HP: 40/40 MP: 9/9
  3225 | D:5      | HP: 7/40 [something (4)]
  3227 | D:5      | HP: 2/40 [iguana (6)]
  3227 | D:5      | Slain by an orc wizard

Levels and vault maps discovered:
D:1:      erik_arrival_cave_to_civilisation [erik_arrival_cave_to_hall],
          layout_basic, serial_bayou_crossing
D:2:      layout_basic, basic_altar, kennysheep_generic_room_6
D:3:      layout_loops_ring, serial_shops, nicolae_shop_rolling_square
D:4:      layout_rooms, mainiacjoe_overflow_two_lobes,
          kennysheep_generic_room_12
D:5:      layout_gridville, serial_shops, shop, amethyst_killhole

Skill      XL: |  1  2  3  4  5  6 |
---------------+-------------------+-----
Ranged Weapons | 6 7 8 9 10 | 10.4
Fighting       | 2 |  2.0
Armour         | 1 |  1.2
Dodging        | 3 |  3.6
Stealth        | |  1.2

Action                     |  1- 3 |  4- 6 |  7- 9 || total
---------------------------+-------+-------+-------++-------
   Fire: Shortbow          |    63 |       |       ||    63
         Orcbow            |    15 |    99 |    10 ||   124
    Use: Scroll            |     3 |     5 |       ||     8
         Potion            |     1 |       |       ||     1
 Armour: Leather armour    |    16 |       |       ||    16
         Ring mail         |     2 |    21 |    25 ||    48
  Dodge: Dodged            |    28 |    26 |    11 ||    65

Table legend:
 A = Non-vault XP
 B = Vault XP
 C = Vault XP percentage of total XP
 D = Non-vault monster count
 E = Vault monster count
 F = Vault count percentage of total count
                 A         B        C        D         E       F
            +---------+---------+-------+---------+---------+-------
      Total |     814 |      20 |   2.4 |      84 |       5 |   5.6
            +---------+---------+-------+---------+---------+-------
        D:1 |      39 |       4 |   9.3 |      21 |       2 |   8.7
        D:2 |     168 |       3 |   1.8 |      23 |       2 |   8.0
        D:3 |     227 |       0 |   0.0 |      22 |       0 |   0.0
        D:4 |     161 |      13 |   7.5 |      12 |       1 |   7.7
        D:5 |     219 |       0 |   0.0 |       6 |       0 |   0.0
            +---------+---------+-------+---------+---------+-------
